 Dungeon Crawl Stone Soup version 0.31-a0-949-g57150269e1 (webtiles) character file.

Game seed: 13510628297871437589

10273 Newt the Markskobold (level 11, -3/71 HPs)
             Began as a Kobold Hunter on Oct 16, 2023.
             Was a High Priest of Okawaru.
             Slain by a hornet (6 damage)
             ... while paralysed by a hornet
             ... on level 11 of the Dungeon on Oct 21, 2023.
             The game lasted 00:13:48 (10919 turns).

Newt the Markskobold (Kobold Hunter)               Turns: 10919, Time: 00:13:50

Health: -3/71      AC:  5    Str: 10    XL:     11   Next: 89%
Magic:  11/11      EV:  3    Int: 11    God:    Okawaru [*****.]
Gold:   561        SH:  0    Dex: 25    Spells: 10/10 levels left

rFire   + . .        g - +3 arbalest
rCold   + . .        (shield currently unavailable)
rNeg    . . .        c - +0 leather armour
rPois   .            (no helmet)
rElec   .            (no cloak)
rCorr   .            G - +0 pair of gloves
SInv    +            i - +0 pair of boots
Will    .....        k - amulet "Mahon" {rF+ Regen+ Str+2 Dex+2 SInv}
Stlth   +++++        d - +5 ring of evasion
HPRegen 1.11/turn    m - ring of protection from cold
MPRegen 0.12/turn

%: no passive effects
@: paralysed, lethally poisoned (-3 -> -12), slowed
A: small, no large weapons, nightstalker 3
a: Renounce Religion, Heroism, Finesse, Duel


You were on level 11 of the Dungeon.
You worshipped Okawaru.
Okawaru was extremely pleased with you.
You visited 2 branches of the dungeon, and saw 12 of its levels.
You also visited: Ossuary.

You collected 763 gold pieces.
You spent 202 gold pieces at shops.

Inventory:

Hand Weapons
 a - a +2 shortbow
 g - a +3 arbalest (weapon)
Missiles
 n - 3 throwing nets
Armour
 c - a +0 leather armour (worn)
 i - a +0 pair of boots (worn)
 j - a +1 scale mail of fire resistance
 q - a +0 helmet
 G - a +0 pair of gloves (worn)
 H - a +0 pair of boots
 O - a +3 ring mail of willpower
Jewellery
 d - a +5 ring of evasion (left hand)
 h - a ring of fire
 k - the amulet "Mahon" (around neck) {rF+ Regen+ Str+2 Dex+2 SInv}
   (You found it on level 4 of the Dungeon)

   [amulet of regeneration]

   Str+2:     It affects your strength (+2).
   Dex+2:     It affects your dexterity (+2).
   rF+:       It protects you from fire.
   SInv:      It lets you see invisible.
   Regen+:    It increases your rate of health regeneration.
 m - a ring of protection from cold (right hand)
 t - a ring of fire
 y - a ring of protection from fire
 I - a +4 ring of protection
 K - a ring of magical power
 M - a ring of flight
 S - a +6 ring of intelligence
Wands
 o - a wand of mindburst (16)
 N - a wand of polymorph (9)
Scrolls
 b - 2 scrolls of butterflies
 r - 7 scrolls of teleportation
 s - a scroll of amnesia
 C - 4 scrolls of immolation
 F - 2 scrolls of revelation
 L - 3 scrolls of poison
 Q - a scroll of fog
 T - a scroll of fear
 U - 2 scrolls of identify
Potions
 e - 5 potions of might
 f - a potion of degeneration
 l - 3 potions of heal wounds
 p - 3 potions of ambrosia
 v - a potion of mutation
 w - a potion of brilliance
 x - 3 potions of enlightenment
 z - a potion of magic
 A - 2 potions of haste
 B - 3 potions of curing
 D - a potion of lignification
 E - a potion of invisibility
 J - 2 potions of attraction
 R - a potion of berserk rage


   Skills:
 - Level 9.0 Fighting
 - Level 19.3 Ranged Weapons
 - Level 6.0 Dodging
 + Level 6.0 Stealth


You had 10 spell levels left.
You didn't know any spells.
Your spell library contained the following spells:

 Spells                   Type           Power      Damage    Failure   Level
 Sandblast                Erth           0%         2d4       43%         1
 Blink                    Tloc           0%         N/A       58%         2
 Passwall                 Tmut/Erth      0%         N/A       58%         2
 Inner Flame              Hex/Fire       0%         N/A       82%         3
 Stone Arrow              Conj/Erth      0%         3d7       82%         3
 Brom's Barrelling Bould  Conj/Erth      0%         2d3       99%         4
 Flame Wave               Conj/Fire      0%         2d4       99%         4
 Manifold Assault         Tloc           0%         N/A       99%         4
 Sticky Flame             Conj/Fire      0%         2d3       99%         4
 Conjure Ball Lightning   Conj/Air       0%         3x3d6     100%        6
 Discord                  Hex            0%         N/A       100%        8
 Disjunction              Tloc           0%         N/A       100%        8


Dungeon Overview and Level Annotations

Branches:
Dungeon (11/15)            Temple (1/1) D:4            Lair (0/5) D:10
Ossuary (visited)
    Orc: D:9-12

Altars:
Ashenzari
Cheibriados
Dithmenos
Elyvilon
Fedhas
Gozag
Hepliaklqana
Kikubaaqudgha
Makhleb
Nemelex Xobeh
Okawaru
Qazlal
Ru
Sif Muna
Trog
Uskayaw
Vehumet
Wu Jian
Xom
Yredelemnul
Zin
The Shining One

Shops:
D:1 (   D:5 ?


Innate Abilities, Weirdness & Mutations

You are small and have problems with some larger weapons.
You are completely attuned to the shadows.


Message History

You shoot a bolt. The bolt barely misses the hornet.
You shoot a bolt. The bolt barely misses the hornet.
The hornet stings you!
You are poisoned.
You suddenly lose the ability to move!
The hornet stings you!
You feel yourself slow down.
You feel sick. The hornet stings you!
You feel as though you will be slow longer.
You feel sick. The hornet stings you!
You are more poisoned.
You feel as though you will be slow longer.
The hornet stings you!
* * * LOW HITPOINT WARNING * * *
You feel as though you will be slow longer.
You can move again.
Unknown command.
Unknown command.
Unknown command.
You feel better. The hornet misses you. The hornet barely misses you.
You shoot a bolt. The bolt hits the hornet!
The hornet is heavily wounded.
The hornet closely misses you. x2
You shoot a bolt. The bolt hits the hornet!
The hornet is almost dead.
The hornet misses you. The hornet stings you.
You are poisoned.
You suddenly lose the ability to move!
The hornet stings you!
* * * LOW HITPOINT WARNING * * *
You feel as though you will be slow longer.
You feel very sick. The hornet stings you!
* * * LOW HITPOINT WARNING * * *
You feel as though you will be slow longer.
* * * LOW HITPOINT WARNING * * *
You feel very sick. The hornet stings you.
* * * LOW HITPOINT WARNING * * *
You are lethally poisoned!
You feel as though you will be slow longer.
The hornet stings you.
You die...

############
.>..........
..........$.
....<..@....
........y...
............
............
............


You could see a hornet.

Vanquished Creatures
  An orc knight (D:10)
  Pikel (D:7)
  2 elephants (D:10)
  A gargoyle (D:10)
  2 kobold demonologists (D:9)
  A komodo dragon (D:10)
  A troll (D:9)
  Grinder (D:6)
  A hornet (D:9)
  Sigmund (D:3)
  3 wyverns (D:9)
  2 wraiths (D:10)
  A vampire (D:10)
  5 yaks (D:10)
  2 vampire mosquitoes (D:10)
  A water moccasin (D:7)
  An acid dragon (D:9)
  4 orc warriors
  3 black bears
  A sky beast (D:6)
  3 ice beasts
  2 centaurs
  An ogre (D:5)
  A lemure (D:7)
  6 kobold brigands
  A gnoll sergeant (D:10)
  9 bullfrogs
  6 scorpions
  Dowan (D:4)
  18 killer bees
  2 howler monkeys (D:3)
  A centaur zombie (Ossuary)
  A jelly (D:6)
  3 hounds
  A human zombie (Ossuary)
  2 orc priests
  A gnoll bouda (D:3)
  Terence (D:3)
  An iguana (D:5)
  6 scorpion zombies (Ossuary)
  5 orc wizards
  5 mummies
  22 gnolls
  10 adders
  2 white imps
  2 ufetubi (D:6)
  2 dart slugs (D:1)
  41 orcs
  9 bats
  9 endoplasms
  A giant cockroach (D:1)
  9 goblins
  15 hobgoblins
  15 jackals
  2 quokkas (D:1)
  9 ball pythons
  4 frilled lizards
  5 gnoll zombies (Ossuary)
  2 goblin zombies (Ossuary)
  4 hobgoblin zombies
  22 kobolds
  A kobold zombie (Ossuary)
  3 orc zombies
  7 rats
308 creatures vanquished.

Vanquished Creatures (others)
  Duvessa (D:4)
  A hobgoblin (D:4)
2 creatures vanquished.

Grand Total: 310 creatures vanquished

Notes
Turn   | Place    | Note
-------+----------+-------------------------------------------
     0 | D:1      | Newt the Kobold Hunter began the quest for the Orb.
     0 | D:1      | Reached XP level 1. HP: 12/12 MP: 1/1
   148 | D:1      | Found Wyzukh's Weapon Emporium.
   171 | D:1      | Reached XP level 2. HP: 18/18 MP: 2/2
   223 | D:1      | Noticed an eye of devastation
   228 | D:1      | Found a faded altar of an unknown god.
   228 | D:1      | Noticed an eye of devastation
   231 | D:1      | Noticed a shining eye
   231 | D:1      | Noticed a great orb of eyes
   361 | D:1      | Reached XP level 3. HP: 18/23 MP: 3/3
   904 | D:2      | Reached XP level 4. HP: 20/30 MP: 4/4
  1713 | D:3      | Reached skill level 5 in Fighting
  1844 | D:3      | Found a burning altar of Makhleb.
  1851 | D:3      | Reached XP level 5. HP: 35/35 MP: 5/5
  1860 | D:3      | Noticed Sigmund
  1873 | D:3      | Killed Sigmund
  1874 | D:3      | Reached skill level 7 in Ranged Weapons
  1874 | D:3      | Reached XP level 6. HP: 40/40 MP: 6/6
  2010 | D:3      | Found a sacrificial altar of Ru.
  2039 | D:3      | Found a hide-covered altar of Uskayaw.
  2331 | D:3      | Reached skill level 8 in Ranged Weapons
  2391 | D:3      | Reached XP level 7. HP: 9/44 MP: 7/7
  2830 | D:3      | Reached skill level 9 in Ranged Weapons
  3106 | D:3      | Reached skill level 10 in Ranged Weapons
  3516 | D:3      | Reached XP level 8. HP: 49/49 MP: 8/8
  3631 | D:3      | Noticed Terence
  3640 | D:3      | Killed Terence
  3708 | D:3      | Found a snail-covered altar of Cheibriados.
  4051 | D:4      | Identified the amulet "Mahon" {rF+ Regen+ Str+2 Dex+2 SInv}
  4110 | D:4      | Noticed Duvessa
  4111 | D:4      | Found a staircase to the Ecumenical Temple.
  4112 | D:4      | Noticed Dowan
  4148 | D:4      | Killed Duvessa
  4149 | D:4      | Reached skill level 5 in Dodging
  4152 | D:4      | Killed Dowan
  4161 | Temple   | Entered the Ecumenical Temple
  4170 | Temple   | Became a worshipper of Warmaster Okawaru
  4560 | D:4      | Found a sand-covered staircase.
  4571 | Ossuary  | Entered an ossuary
  4754 | Ossuary  | Reached * piety under Okawaru
  4913 | Ossuary  | Reached XP level 9. HP: 59/59 MP: 9/9
  5362 | D:5      | Entered Level 5 of the Dungeon
  5500 | D:5      | Found a bloodstained altar of Trog.
  5511 | D:5      | Identified the +1 long sword "Demaostri" {antimagic, Dex+2}
  5643 | D:5      | Found Plog's Magic Scroll Emporium.
  5649 | D:5      | Bought a scroll of blinking for 112 gold pieces
  5649 | D:5      | Bought a scroll of identify for 30 gold pieces
  5649 | D:5      | Bought a scroll of identify for 30 gold pieces
  5649 | D:5      | Bought a scroll of identify for 30 gold pieces
  6159 | D:6      | Noticed Grinder
  6162 | D:6      | Killed Grinder
  6272 | D:6      | Reached ** piety under Okawaru
  6283 | D:6      | Found an ornate altar of the Wu Jian Council.
  6295 | D:6      | Reached skill level 11 in Ranged Weapons
  6406 | D:6      | Identified the +2 mace of Dim Light {venom, Fly rN++}
  6806 | D:7      | Noticed Pikel
  6822 | D:7      | Killed Pikel
  6823 | D:7      | Reached skill level 12 in Ranged Weapons
  6823 | D:7      | Reached XP level 10. HP: 62/66 MP: 10/10
  6838 | D:7      | Reached *** piety under Okawaru
  6839 | D:7      | Reached skill level 13 in Ranged Weapons
  6930 | D:7      | Found a hazy altar of Hepliaklqana.
  6988 | D:7      | Reached skill level 14 in Ranged Weapons
  7350 | D:8      | Reached skill level 15 in Ranged Weapons
  7395 | D:8      | Reached **** piety under Okawaru
  7477 | D:8      | Reached skill level 5 in Stealth
  7690 | D:8      | Found a glowing silver altar of Zin.
  7885 | D:8      | Identified the +3 war axe of Haju {freeze, rN++}
  8066 | D:9      | Reached ***** piety under Okawaru
  8276 | D:9      | Noticed a kobold demonologist
  8284 | D:9      | Noticed a kobold demonologist
  8288 | D:9      | Killed a kobold demonologist
  8289 | D:9      | Reached skill level 16 in Ranged Weapons
  8289 | D:9      | Reached XP level 11. HP: 52/71 MP: 11/11
  8660 | D:9      | Received a gift from Okawaru
  8666 | D:9      | Upgraded the game from 0.31-a0-889-g1a8549509d to
                  | 0.31-a0-949-g57150269e1
  8671 | D:9      | Reached skill level 17 in Ranged Weapons
  9091 | D:9      | Found a broken altar of Ashenzari.
  9111 | D:9      | Found an opulent altar of Gozag.
  9398 | D:10     | Entered Level 10 of the Dungeon
  9645 | D:10     | Noticed an elephant
  9661 | D:10     | Killed an elephant
  9837 | D:10     | Reached skill level 18 in Ranged Weapons
 10067 | D:10     | Found a staircase to the Lair.
 10067 | D:10     | Noticed an elephant
 10079 | D:10     | Killed an elephant
 10444 | D:10     | Noticed an orc knight
 10466 | D:10     | Killed an orc knight
 10467 | D:10     | Reached skill level 19 in Ranged Weapons
 10912 | D:11     | Paralysed by a hornet for 3 turns
 10917 | D:11     | Paralysed by a hornet for 3 turns
 10919 | D:11     | HP: 3/71 [hornet (1)]
 10919 | D:11     | Slain by a hornet

Illustrated notes

Levels and vault maps discovered:
D:1:      saegor_arrival_simple_a, layout_basic,
          hellmonk_ecumenical_altar_watching_god, serial_shops, shop,
          minivault_26
D:2:      layout_loops_cross, minmay_ruptured
D:3:      lemuel_castle_with_subvaults [lemuel_castle_interior_carwin_1],
          layout_basic, slow_altar_2, overflow_temple_1_default,
          old_standard_altar, nicolae_uskayaw_murder_on_the_dancefloor,
          st_stairs_10, uniq_sigmund, uniq_terence
D:4:      layout_basic, temple_fountains, nicolae_ossuary_entry_giza,
          hangedman_decor_slide_cut, uniq_duvessa
D:5:      nicolae_BIG_FREAKIN_CUBE, layout_basic, old_standard_altar,
          serial_shops, shop, grunt_decor_junction
D:6:      layout_rooms, nicolae_wu_jian_wuxing_cycle, corner_web_ring,
          uniq_grinder
D:7:      layout_cave_pools, overflow_temple_1_default,
          kennysheep_generic_room_10, uniq_pikel
D:8:      layout_rooms, zin_treasury
D:9:      layout_basic, nicolae_gozag_cash_rules_everything_around_me,
          nicolae_ashenzari_skybound
D:10:     cheibrodos_orc_bank, layout_basic, grunt_lair_entry_orc_guard_hut,
          serial_bayou_pond_e
D:11:     layout_long_grid, hiddenorc2_lemuel, nooodl_orcs_dogs
Temple:   nicolae_temple_ecumenical_triangle

Skill      XL: |  1  2  3  4  5  6  7  8  9 10 11 |
---------------+----------------------------------+-----
Fighting       | 3 4 5 7 9 |  9.0
Ranged Weapons | 7 8 10 12 16 19 | 19.3
Dodging        | 4 6 |  6.0
Stealth        | 6 |  6.0

Action                     |  1- 3 |  4- 6 |  7- 9 | 10-12 || total
---------------------------+-------+-------+-------+-------++-------
  Melee: Shortbow          |       |       |       |     2 ||     2
   Fire: Shortbow          |    93 |   132 |   508 |   488 ||  1221
         Arbalest          |       |       |       |    13 ||    13
  Evoke: Wand              |       |     1 |     4 |     4 ||     9
    Use: Scroll            |       |     4 |    17 |     4 ||    25
         Potion            |       |       |     3 |     1 ||     4
 Armour: Leather armour    |    29 |    69 |   103 |    88 ||   289
  Dodge: Dodged            |    55 |   124 |   311 |   285 ||   775

Table legend: (Time is in decaauts)
 A = Elapsed time spent in this place.
 B = Non-inter-level travel time spent in this place.
 C = Inter-level travel time spent in this place.
 D = Time resting spent in this place.
 E = Time spent auto-exploring this place.
 F = Levels seen in this place.
 G = Mean time per level.
                   A        B        C        D        E       F      G
               +--------+--------+--------+--------+--------+-----+--------+
         Total |  10807 |  10409 |    398 |   1319 |   7232 |  13 |  831.3 |
       Dungeon |  10394 |  10011 |    383 |   1319 |   7048 |  11 |  944.9 |
        Temple |     16 |      1 |     15 |      0 |      0 |   1 |   16.0 |
       Ossuary |    396 |    396 |      0 |      0 |    184 |   1 |  396.0 |
               +--------+--------+--------+--------+--------+-----+--------+

Top non-repeatable levels by time:
     D:3: 2299 daAuts
    D:10: 1463 daAuts
     D:9: 1373 daAuts
     D:4: 942 daAuts
     D:1: 879 daAuts
     D:2: 852 daAuts
     D:5: 696 daAuts
     D:8: 654 daAuts
     D:7: 640 daAuts
     D:6: 578 daAuts
 Ossuary: 396 daAuts
  Temple: 16 daAuts
    D:11: 14 daAuts
